 Dungeon Crawl Stone Soup version 0.30.1-9-gdf580d7c3d (webtiles) character file.

Game seed: 4547948750406284393

566203 KittyFluff the Impregnable (level 26, -14/170 (174) HPs)
             Began as a Gargoyle Berserker on Oct 11, 2023.
             Was the Champion of Trog.
             Killed from afar by an orb of fire (33 damage)
             ... with a bolt of fire
             ... on level 4 of the Realm of Zot on Oct 12, 2023.
             The game lasted 06:33:07 (72202 turns).

KittyFluff the Impregnable (Gargoyle Berserker)    Turns: 72202, Time: 06:33:08

HP:   -14/170 (174) AC: 58    Str: 34    XL:     26   Next: 81%
MP:   1/6           EV: 18    Int:  3    God:    Trog [******]
Gold: 3780          SH: 31    Dex: 19    Spells: 25/25 levels left

rFire   + . .        J - +9 eveningstar (antimagic)
rCold   + . .        t - +3 tower shield {AC+3}
rNeg    + . .        x - +1 plate armour of Mysticism {Will+ SInv}
rPois   ∞            j - +2 helmet of Jemei {rPois Stlth+}
rElec   +            m - scarf {rC+ rF+}
rCorr   .            X - +3 Mad Mage's Maulers {Infuse+∞ VampMP -Cast}
SInv    +            u - +2 pair of boots
Will    +++++        B - amulet of reflection
Stlth   +++          I - +6 ring of strength
HPRegen 1.48/turn    Z - ring of Yparchy {Will+ Str+3 Int-5 Dex+6}
MPRegen 0.10/turn

%: no spellcasting, reflection, infuse magic (1 MP)
@: about to teleport, strong-willed, flying, regenerating, lightly drained
A: sickness immunity, AC +20, big wings, negative energy resistance 1,
electricity resistance, torment resistance 1, petrification resistance, clumsy
1, dopey 1, low MP 1, shaggy fur 1
}: 3/15 runes: serpentine, barnacled, silver
a: Renounce Religion, Berserk, Trog's Hand, Brothers in Arms


You were on level 4 of the Realm of Zot.
You worshipped Trog.
Trog was exalted by your worship.
You visited 10 branches of the dungeon, and saw 49 of its levels.
You visited the Abyss 1 time.
You also visited: Bailey and Gauntlet.

You collected 6831 gold pieces.
You spent 3051 gold pieces at shops.

Inventory:

Hand Weapons
 E - a +1 vampiric demon whip
 J - a +9 antimagic eveningstar (weapon)
 T - a +0 sling of draining
Missiles
 e - 61 poisoned darts
 s - 14 silver javelins
 G - 5 javelins (quivered)
 O - 53 boomerangs
 P - 12 throwing nets
Armour
 d - a +2 ring mail of positive energy
 j - the +2 helmet of Jemei (worn) {rPois Stlth+}
   (You bought it in a shop on level 5 of the Vaults)

   rPois:     It protects you from poison.
   Stlth:     It makes you more stealthy.
 k - a +2 plate armour of cold resistance
 m - a scarf of resistance (worn)
 t - a +3 tower shield of protection (worn)
 u - a +2 pair of boots (worn)
 x - the +1 plate armour of Mysticism (worn) {Will+ SInv}
   (You found it on level 14 of the Dungeon)

   SInv:      It lets you see invisible.
   Will:      It increases your willpower.
 C - +1 fire dragon scales
 R - a +1 cloak of preservation
 X - the +3 Mad Mage's Maulers (worn) {Infuse+∞ VampMP -Cast}
   (You found it on level 10 of the Dungeon)

   Infuse+∞: It empowers its wearer's blows with all of their magic.
   VampMP:    Blows struck in melee replenish the wearer's magic.
   -Cast:     It prevents spellcasting.
Jewellery
 l - a ring of see invisible
 w - a ring of resist corrosion
 B - an amulet of reflection (around neck)
 I - a +6 ring of strength (left hand)
 M - a ring of protection from cold
 Q - an amulet of the acrobat
 S - a ring of fire
 Z - the ring of Yparchy (right hand) {Will+ Str+3 Int-5 Dex+6}
   (You took it off a yellow draconian on level 4 of the Realm of Zot)

   [ring of dexterity]

   Str:       It affects your strength (+3).
   Int:       It affects your intelligence (-5).
   Dex:       It affects your dexterity (+6).
   Will:      It increases your willpower.
Wands
 g - a wand of roots (55)
 n - a wand of mindburst (19)
 r - a wand of paralysis (49)
 A - a wand of light (56)
 K - a wand of flame (45)
 W - a wand of polymorph (20)
 Y - a wand of digging (24)
Scrolls
 a - 7 scrolls of silence
 c - 10 scrolls of poison
 q - 9 scrolls of immolation
 v - 11 scrolls of fear
 y - 4 scrolls of summoning
 z - 21 scrolls of teleportation
 D - 16 scrolls of blinking
 F - 8 scrolls of fog
 L - 4 scrolls of magic mapping
Potions
 b - 11 potions of haste
 f - 7 potions of might
 h - 8 potions of heal wounds
 i - 8 potions of attraction
 o - 26 potions of curing
 p - 9 potions of mutation
 H - 3 potions of cancellation
 N - 5 potions of invisibility
 V - 4 potions of resistance
Miscellaneous
 U - a phial of floods


   Skills:
 + Level 20.1 Fighting
 + Level 22.5 Maces & Flails
 + Level 22.7 Armour
 + Level 15.9 Dodging
 + Level 15.5 Stealth
 + Level 21.4 Shields
 + Level 14.7 Evocations


You had 25 spell levels left.
You didn't know any spells.
Your spell library was empty.

Dungeon Overview and Level Annotations

Branches:
Dungeon (15/15)            Temple (0/1) D:6            Lair (5/5) D:10
 Shoals (4/4) Lair:2        Snake (4/4) Lair:2        Slime (0/5) Lair:5
    Orc (2/2) D:12            Elf (2/3) Orc:2        Vaults (5/5) D:13
  Crypt (3/3) Vaults:3       Tomb (0/3) Crypt:3      Depths (4/4) D:15
    Zot (5/5) Depths:4     Bailey (visited)         Gauntlet (visited)

Altars:
Ashenzari
Cheibriados
Elyvilon
Gozag
Hepliaklqana
Kikubaaqudgha
Qazlal
Ru
Sif Muna
Vehumet
Wu Jian
Xom
Yredelemnul
Zin
The Shining One

Shops:
D:1 [=[!   D:5 (   D:8 :   D:15 :   Orc:1 *   Orc:2 *![?(   Elf:1 (([*[(:
Elf:2 =::   Shoals:3 *=   Snake:1 *   Snake:2 :   Vaults:5 ?!![   Depths:3 !

Portals:
Hell: Depths:1 Depths:2 Depths:3 Depths:4
Abyss: Snake:1 Depths:2 Depths:3 Depths:4
Pandemonium: Depths:2
Ziggurat: Depths:3
Trove: Vaults:4 (give 2 scrolls of acquirement)

Annotations:
D:9 2 transporters
Lair:5 exclusion: obsidian statue
Snake:1 2 transporters, monkeyman's ghost, journeyman TrBe
Elf:2 3 runed translucent doors


Innate Abilities, Weirdness & Mutations

You are immune to sickness and miasma.
Your stone body is resilient. (AC +20)
You are immune to poison.
Your large and strong wings let you fly.
You resist negative energy. (rN+)
You are resistant to electric shocks. (rElec)
You are resistant to unholy torment.
You are immune to petrification.
You are clumsy. (Dex -2)
You are dopey. (Int -2)
Your magical capacity is low. (-10% MP)
You are covered in fur. (AC +1)


Message History

There is a stone staircase leading down here.
You miss the orb of fire.
The orb of fire glows red.
The fireball explodes!
The fireball engulfs you!! You resist.
The fireball engulfs the orb of fire.
The orb of fire completely resists.
The fireball engulfs the orb of fire.
The orb of fire completely resists.
The orb of fire glows yellow.
The bolt of fire hits you!! You resist.
* * * LOW HITPOINT WARNING * * *
You feel much better.
Your skin crawls.
You feel strong-willed.
The orb of fire glows yellow.
The bolt of fire hits you but does no damage.
The orb of fire glows deep purple.
Strange energies course through your body.
You feel stupid.
You hit the orb of fire.
The orb of fire's magic leaks into the air.
The orb of fire is lightly damaged.
The orb of fire's magic is no longer disrupted.
The orb of fire glows yellow.
The bolt of fire hits you! You resist.
* * * LOW HITPOINT WARNING * * *
The orb of fire emits a lurid red light.
The fireball explodes!
The fireball engulfs you! You resist.
* * * LOW HITPOINT WARNING * * *
The fireball engulfs the orb of fire.
The orb of fire completely resists.
The fireball engulfs the orb of fire.
The orb of fire completely resists.
As you read the scroll of teleportation, it crumbles to dust.
You feel strangely unstable.
You feel the Orb delaying your translocation!
The orb of fire glows yellow.
The bolt of fire hits you!! You resist.
* * * LOW HITPOINT WARNING * * *
You closely miss the orb of fire.
The orb of fire is lightly damaged.
The orb of fire glows red.
The bolt of fire hits you!! You resist.
You die...

### ########## ..## #.#....#.#
.#.# ##.#....#.## # .#.##
##.##...>##.## #
.##)########..##.*..##..#########
.##..#....#..###@*..###.##....##.
.###.........# #....# #..........
## #........## #....# ##.........
# ##......## #....# #....#...# #
#..##..# #....# ##.####..# #
#..##..# ##..## #.# #.## #
#..##..# #..# #.# #.# ## #...#..#
##..## #.## #.# .## #......#
###....### #..###.#


You could see 2 orbs of fire.

Vanquished Creatures
  2 orbs of fire (Zot:1)
  Mara (Shoals:4)
  Mennas (Depths:3)
  A juggernaut (Depths:4)
  Frederick (Vaults:5)
  A Killer Klown (Zot:5)
  Bai Suzhen (Vaults:2)
  Margery (Crypt:1)
  Vashnia (Snake:2)
  the Enchantress (Depths:1)
  9 golden dragons
  Nikola (Vaults:2)
  A profane servitor (Abyss:2)
  An electric golem (Zot:3)
  Jorgrun (D:15)
  A walking earthen tome (Depths:3)
  11 tentacled monstrosities
  4 titans (Vaults:5)
  Mlioglotl (Snake:2)
  A quicksilver dragon (shapeshifter) (Vaults:5)
  12 liches
  3 quicksilver dragons
  A walking divine tome (Depths:3)
  3 krakens
  2 tentacled starspawn (Abyss:2)
  7 death cobs
  Frances (D:12)
  2 ancient champions (Crypt:2)
  2 sphinxes
  Agnes (D:15)
  4 tengu reavers
  5 draconian monks
  18 storm dragons
  5 revenants
  11 shadow dragons
  Donald (Lair:2)
  A nagaraja (Snake:2)
  7 draconian knights
  5 fire giants
  2 spectral caustic shrikes (Crypt:3)
  3 deep elf sorcerers
  Aizul (Snake:4)
  5 draconian scorchers
  16 vault wardens
  A juggernaut zombie (D:15)
  3 iron dragons (Vaults:5)
  Louise (Depths:4)
  3 spriggan defenders (Depths:1)
  A ghost moth (Crypt:3)
  3 frost giants
  2 draconian shifters
  4 war gargoyles
  2 ghouls
  20 ironbound preservers
  A draconian stormcaller (Zot:2)
  14 very ugly things
  4 curse skulls (Crypt:2)
  A deep elf elementalist (Elf:1)
  6 draconian annihilators
  A caustic shrike skeleton (Crypt:1)
  A cacodemon (Abyss:2)
  5 ironbound thunderhulks
  A rockslime zombie (Crypt:1)
  The ghost of Teddeol the Severer, a journeyman NaRe of Uskayaw (Lair:3)
  11 stone giants
  4 vampire knights
  A juggernaut skeleton (Crypt:2)
  A deep elf demonologist (Vaults:5)
  7 green draconians
  The ghost of Uvinaotu the Blocker, a journeyman MiFi of the Shining One (D:15)
  4 black draconians
  6 red draconians
  7 white draconians
  4 spectral titans (Crypt:3)
  A minotaur (Gauntlet)
  13 dire elephants
  11 yellow draconians
  16 purple draconians
  2 deep elf annihilators (Orc:2)
  Azrael (D:15)
  13 ettins
  8 eidola
  9 deep elf death magi
  2 spectral quicksilver dragons (Crypt:3)
  10 merfolk impalers
  2 crystal guardians (Vaults:2)
  11 jiangshi
  Josephine (D:15)
  A merfolk javelineer (Shoals:4)
  An ettin (shapeshifter) (Vaults:5)
  15 yaktaur captains
  5 fire dragons
  3 deep elf high priests (Vaults:5)
  A spectral spriggan (Crypt:3)
  Fannar (Orc:1)
  3 entropy weavers
  3 rakshasas
  2 peacekeepers
  7 great orbs of eyes
  6 ice dragons
  A hell beast (Depths:2)
  4 hydras
  7 salamander tyrants
  2 merfolk avatars
  2 spriggan zombies (Crypt:2)
  A caustic shrike simulacrum (Abyss:2)
  4 ogre magi
  9 ironbound frosthearts
  A spriggan skeleton (Crypt:1)
  31 vault guards
  6 spriggan air magi
  20 centaur warriors
  An alligator snapping turtle (Shoals:4)
  Erica (D:8)
  2 spectral stone giants (Crypt:3)
  8 two-headed ogres
  5 death knights
  14 anacondas
  5 boulder beetles
  A jorogumo (shapeshifter) (Vaults:5)
  8 dancing weapons
  10 merfolk aquamancers
  2 death scarabs (Gauntlet)
  7 deep troll shamans
  11 naga warriors
  2 tengu warriors
  2 death yaks (Lair:5)
  6 thrashing horrors (Abyss:2)
  A spectral naga (Crypt:3)
  2 orc high priests (Orc:2)
  2 satyrs
  5 vampire magi
  11 naga sharpshooters
  Urug (D:13)
  A spectral emperor scorpion (Crypt:3)
  The ghost of Psyclone the Eclecticist, a journeyman DECj of Gozag (D:11)
  12 hell knights
  10 shock serpents
  A spectral dire elephant (Lair:5)
  3 spriggan berserkers
  5 deep troll earth magi
  Sonja (Lair:1)
  14 deep elf knights
  A sun demon (Abyss:2)
  A storm dragon zombie (Crypt:2)
  7 iron trolls
  A spectral death yak (Gauntlet)
  4 shadow wraiths (Crypt:3)
  9 skysharks
  A spectral catoblepas (Gauntlet)
  59 deep trolls
  A golden dragon zombie (Crypt:1)
  7 salamander mystics (Snake:4)
  A fire crab (shapeshifter) (D:13)
  4 wretched stars (Abyss:2)
  30 skeletal warriors
  10 sea snakes
  A spectral anaconda (Lair:5)
  4 glowing orange brains
  7 naga ritualists
  An orb spider (shapeshifter) (Elf:2)
  A death drake (Abyss:2)
  13 flayed ghosts
  12 deep elf archers
  A glowing orange brain (shapeshifter) (Elf:1)
  10 lindwurms
  2 bunyip skeletons
  A spriggan simulacrum (Crypt:3)
  A lindwurm (shapeshifter) (Vaults:5)
  2 orc knights
  10 starcursed masses (Abyss:2)
  An iron dragon zombie (Crypt:1)
  20 deep elf zephyrmancers
  15 phantasmal warriors
  18 ironbound convokers
  21 necromancers
  A harpy (shapeshifter) (D:10)
  14 harpies
  10 wizards
  A shining eye (Abyss:2)
  An iron giant skeleton (Crypt:2)
  4 fauns
  13 mana vipers
  A shadow dragon skeleton (Crypt:2)
  An oklob plant (Lair:3)
  7 manticores
  24 deep elf pyromancers
  4 orc sorcerers (Orc:2)
  9 cyclopes
  55 ugly things
  24 salamanders
  2 frost giant zombies
  6 large abominations
  3 spectral ettins (Crypt:3)
  A salamander (shapeshifter) (Elf:1)
  A fire giant zombie (D:15)
  An eleionoma skeleton (Crypt:1)
  5 water nymphs
  A frost giant skeleton (Crypt:1)
  An iron dragon skeleton (Crypt:3)
  13 elephants
  21 moths of wrath
  13 merfolk sirens
  A stone giant zombie (Crypt:2)
  6 guardian serpents (Snake:4)
  A stone giant skeleton (Vaults:2)
  A black mamba (shapeshifter) (Abyss:2)
  9 naga magi
  A smoke demon (Abyss:2)
  A torpor snail (Lair:4)
  17 vault sentinels
  41 black mambas
  An elf skeleton (Vaults:1)
  A gargoyle (D:12)
  14 cane toads
  A storm dragon simulacrum (Crypt:3)
  2 rime drakes
  5 komodo dragons
  2 orange demons (Depths:2)
  An unseen horror zombie (Crypt:3)
  An elf zombie (Vaults:2)
  A kobold demonologist (D:12)
  An unseen horror (D:10)
  An orb spider zombie (Crypt:3)
  An anaconda simulacrum (Abyss:2)
  An iron troll zombie (Crypt:1)
  21 yaktaurs
  3 efreet
  24 freezing wraiths
  2 human skeletons
  A sea snake skeleton (Crypt:2)
  4 tengu conjurers
  An unseen horror skeleton (Crypt:3)
  2 yaktaur skeletons (Vaults:2)
  A spectral harpy (Crypt:3)
  6 trolls
  A black draconian skeleton (Crypt:2)
  4 ancient zymes (Abyss:2)
  6 polar bears
  A queen bee (Gauntlet)
  Prince Ribbit (Bailey)
  A harpy zombie (Crypt:2)
  42 merfolk
  A hellwing (Depths:2)
  A harpy skeleton (Crypt:2)
  A hydra zombie (Crypt:1)
  4 wind drakes
  A wolf spider simulacrum (Gauntlet)
  4 hornets
  A snapping turtle (shapeshifter) (Elf:2)
  A spectral elephant (Lair:5)
  A death drake skeleton (Crypt:2)
  2 raiju (Abyss:2)
  5 snapping turtles
  6 dream sheep
  13 blink frogs
  Sigmund (D:3)
  4 centaur simulacra
  3 air elementals (Elf:1)
  3 spriggans (Depths:1)
  17 slime creatures
  2 flying skulls (Abyss:2)
  4 shadows
  A guardian serpent skeleton (Crypt:1)
  A dire elephant simulacrum (Crypt:3)
  A culicivora (shapeshifter) (D:13)
  3 wyverns
  5 fire elementals (D:15)
  5 vampires
  16 water elementals
  15 wraiths
  4 ynoxinuls
  A slime creature zombie (Crypt:1)
  3 basilisks (Lair:1)
  62 yaks
  A spectral komodo dragon (Gauntlet)
  7 humans (Bailey)
  4 neqoxecs
  16 vampire mosquitoes
  2 redbacks (Vaults:2)
  3 death yak simulacra (Lair:5)
  13 small abominations
  5 wargs
  A chaos spawn (Abyss:2)
  2 harpy simulacra
  3 spectral cane toads (Lair:5)
  An acid dragon (D:11)
  29 nagas
  A glowing shapeshifter zombie (D:15)
  2 hell hounds (D:15)
  A swamp worm (shapeshifter) (Vaults:5)
  11 water moccasins
  A floating eye (shapeshifter) (Vaults:5)
  33 orc warriors
  2 sky beasts (D:6)
  5 ice beasts
  3 black bears
  A black mamba simulacrum (Crypt:3)
  3 ogres
  3 ice dragon simulacra
  9 wolves
  21 centaurs
  A lindwurm skeleton (Crypt:2)
  A swamp dragon skeleton (Crypt:1)
  A phantom (D:6)
  2 human zombies (Vaults:1)
  A vine stalker zombie (Crypt:2)
  29 bullfrogs
  2 kobold brigands
  6 earth elementals
  A necrophage (Crypt:1)
  3 scorpions
  A cane toad simulacrum (Lair:5)
  4 gnoll sergeants
  21 wights
  A hornet simulacrum (D:13)
  23 killer bees
  A shapeshifter zombie (Crypt:2)
  11 howler monkeys
  8 electric eels
  A wolf skeleton (Crypt:2)
  A crimson imp (Abyss:2)
  A hound (shapeshifter) (Vaults:5)
  3 jellies
  2 quasits (D:11)
  A black bear zombie (Crypt:1)
  2 gnoll boudas
  6 hounds
  40 orc priests
  2 sleepcaps
  Natasha (thrice) (D:4)
  An iguana (D:6)
  A basilisk skeleton (Crypt:3)
  42 orc wizards
  7 hell rats (Lair:3)
  A tengu zombie (Crypt:3)
  A hound skeleton (Crypt:3)
  27 gnolls
  10 adders
  11 white imps
  2 ufetubi
  3 worms
  A dart slug (D:1)
  92 orcs
  5 ball pythons
  3 bats
  13 endoplasms
  5 giant cockroaches
  8 goblins
  17 hobgoblins
  A jackal (shapeshifter) (Depths:4)
  6 quokkas
  A ball python zombie (Crypt:1)
  2 frilled lizards (D:1)
  A gnoll skeleton (Crypt:3)
  A hobgoblin skeleton (Crypt:3)
  21 kobolds
  A kobold skeleton (Crypt:3)
  An orc skeleton (Crypt:2)
  3 rats
  A rat zombie (Crypt:2)
  2 tentacles (Shoals:2)
2263 creatures vanquished.

Vanquished Creatures (collateral kills)
  Vv (Depths:2)
  A rakshasa (Depths:2)
2 creatures vanquished.

Vanquished Creatures (others)
  A dread lich (Vaults:5)
  A fire giant (Depths:1)
  A draconian knight (Zot:2)
  A yellow draconian (Zot:1)
  2 deep elf knights (Elf:1)
  A deep elf pyromancer (Elf:2)
  A moth of wrath (Zot:1)
  A naga mage (Snake:4)
  A ynoxinul (Abyss:2)
  A lurking horror (Abyss:2)
  3 starspawn tentacles (Abyss:2)
  59 tentacles
73 creatures vanquished.

Grand Total: 2338 creatures vanquished

Notes
Turn   | Place    | Note
-------+----------+-------------------------------------------
     0 | D:1      | KittyFluff the Gargoyle Berserker began the quest for the
                  | Orb.
     0 | D:1      | Reached XP level 1. HP: 14/14 MP: 1/1
    64 | D:1      | Found Fiod's Distillery.
   126 | D:1      | Reached XP level 2. HP: 8/19 MP: 2/2
   333 | D:1      | Found Ihetyt's Armour Emporium.
   433 | D:1      | Reached XP level 3. HP: 22/23 MP: 3/3
   460 | D:1      | Reached ** piety under Trog
   483 | D:1      | Found Cemahu's Antique Armour Shop.
   602 | D:1      | Found Wauxual's Jewellery Shop.
   891 | D:2      | Reached XP level 4. HP: 29/29 MP: 4/4
   926 | D:2      | Found a shimmering altar of Xom.
  1201 | D:2      | Found a faded altar of an unknown god.
  1414 | D:3      | Noticed Sigmund
  1550 | D:3      | Killed Sigmund
  1551 | D:3      | Reached XP level 5. HP: 24/33 MP: 5/5
  1551 | D:3      | Reached XP level 6. HP: 28/38 MP: 6/6
  1652 | D:3      | You fall into a shaft and drop 3 floors!
  1768 | D:5      | Entered Level 5 of the Dungeon
  1798 | D:5      | Noticed a black bear
  1817 | D:5      | Killed a black bear
  1818 | D:5      | Reached skill level 5 in Maces & Flails
  1818 | D:5      | Reached skill level 5 in Armour
  1818 | D:5      | Reached XP level 7. HP: 14/44 MP: 7/7
  1940 | D:4      | Noticed Natasha
  1947 | D:4      | Killed Natasha
  2134 | D:4      | Reached *** piety under Trog
  2151 | D:4      | Noticed Natasha
  2203 | D:4      | Killed Natasha
  2243 | D:4      | Noticed Natasha
  2251 | D:4      | Killed Natasha
  2717 | D:3      | Found an opulent altar of Gozag.
  3200 | D:5      | Reached skill level 5 in Fighting
  3208 | D:5      | Reached XP level 8. HP: 49/49 MP: 8/8
  3418 | D:5      | Found Wonow's Weapon Emporium.
  4267 | D:6      | Identified the +4 long sword "Jucil" {drain, rC+ Str+3
                  | Dex+3}
  4486 | D:6      | Found a staircase to the Ecumenical Temple.
  4525 | D:6      | Reached **** piety under Trog
  4860 | D:1      | Bought a pair of steaming gloves for 180 gold pieces
  4860 | D:1      | Identified the +2 pair of gloves "Kidicuff" {Rampage
                  | Slay+2} (You bought it in a shop on level 1 of the Dungeon)
  4966 | D:7      | Reached XP level 9. HP: 48/55 MP: 9/9
  6175 | D:7      | Found an ornate altar of the Wu Jian Council.
  6177 | D:7      | Found a glowing golden altar of the Shining One.
  6177 | D:7      | Found a radiant altar of Vehumet.
  6179 | D:7      | Found a stormy altar of Qazlal.
  6179 | D:7      | Found a white marble altar of Elyvilon.
  6179 | D:7      | Found a shimmering altar of Xom.
  6488 | D:7      | Reached XP level 10. HP: 36/61 MP: 10/10
  6773 | D:7      | Reached skill level 5 in Dodging
  7049 | D:1      | Bought a glowing kite shield for 142 gold pieces
  7049 | D:1      | Bought a glowing cloak for 142 gold pieces
  7059 | D:1      | Bought an embroidered cloak for 142 gold pieces
  7430 | D:8      | Found Optunn's Vocational Training.
  7449 | D:8      | Noticed Erica
  7464 | D:8      | Killed Erica
  7679 | D:8      | Reached skill level 10 in Armour
  7921 | D:8      | Found a hazy altar of Hepliaklqana.
  8081 | D:8      | Identified the +7 rapier "Rudem" {freeze, rC- Will+ Int+5}
  8102 | D:8      | Found a stormy altar of Qazlal.
  8105 | D:8      | Found an ornate altar of the Wu Jian Council.
  8214 | D:8      | Reached ***** piety under Trog
  8394 | D:9      | Found a radiant altar of Vehumet.
  8609 | D:9      | Reached skill level 10 in Maces & Flails
  8616 | D:9      | Reached XP level 11. HP: 34/68 MP: 11/11
  9272 | D:9      | Found a snail-covered altar of Cheibriados.
  9373 | D:9      | Noticed a brown ugly thing
  9375 | D:9      | Found a transporter.
  9380 | D:9      | Noticed a deep troll
  9381 | D:9      | Noticed a cyan ugly thing
  9382 | D:9      | Noticed a catoblepas
  9388 | D:9      | Found a transporter.
  9527 | D:9      | Found an ancient bone altar of Kikubaaqudgha.
  9613 | D:10     | Entered Level 10 of the Dungeon
  9721 | D:10     | Found a flagged portal.
  9746 | Bailey   | Entered a bailey
 10003 | Bailey   | Noticed Prince Ribbit
 10016 | Bailey   | Killed Prince Ribbit
 10084 | Bailey   | Noticed a vault guard
 10094 | Bailey   | Killed a vault guard
 10114 | Bailey   | Noticed a vault guard
 10130 | Bailey   | Killed a vault guard
 10659 | D:10     | Found a staircase to the Lair.
 10702 | D:10     | Noticed a centaur warrior
 10703 | D:10     | Noticed a five-headed hydra
 10709 | D:10     | Killed a centaur warrior
 10710 | D:10     | Reached skill level 1 in Shields
 10713 | D:10     | Killed a five-headed hydra
 10714 | D:10     | Reached XP level 12. HP: 56/76 MP: 12/12
 10910 | D:10     | Found a sacrificial altar of Ru.
 10913 | D:10     | Found a broken altar of Ashenzari.
 10918 | D:10     | Found a basalt altar of Yredelemnul.
 11466 | D:10     | Reached ****** piety under Trog
 11595 | D:10     | Found the +3 Mad Mage's Maulers {Infuse+∞ VampMP -Cast}
 11597 | D:10     | Identified the +3 leather armour "Fudacs" {rN++}
 11863 | D:11     | Noticed a boulder beetle
 11884 | D:11     | Killed a boulder beetle
 11977 | D:11     | Received a gift from Trog
 12103 | D:11     | Noticed a two-headed ogre
 12109 | D:11     | Killed a two-headed ogre
 12323 | D:11     | Found a transporter.
 12420 | D:11     | Found a transporter.
 12424 | D:11     | Noticed Psyclone's ghost (journeyman DECj)
 12465 | D:11     | Noticed a two-headed ogre
 12470 | D:11     | Killed a two-headed ogre
 12757 | Lair:1   | Entered Level 1 of the Lair of Beasts
 12924 | Lair:1   | Noticed Sonja
 12959 | Lair:1   | Reached skill level 10 in Fighting
 12970 | Lair:1   | Killed Sonja
 13211 | Lair:1   | Reached XP level 13. HP: 70/82 MP: 3/13
 13391 | Lair:1   | Reached skill level 5 in Shields
 13721 | Lair:2   | Found a staircase to the Shoals.
 13809 | Lair:2   | Found a gate leading to a gauntlet.
 13835 | Gauntlet | Entered a Gauntlet
 13835 | Gauntlet | Found a transporter.
 13841 | Gauntlet | Found a transporter.
 13845 | Gauntlet | Found a transporter.
 13853 | Gauntlet | Found a transporter.
 13857 | Gauntlet | Found a transporter.
 13863 | Gauntlet | Found a runed translucent gate.
 13865 | Gauntlet | Found a transporter.
 13866 | Gauntlet | Found a runed translucent gate.
 13867 | Gauntlet | Found a runed translucent gate.
 13869 | Gauntlet | Found a transporter.
 13873 | Gauntlet | Found a runed translucent door.
 13873 | Gauntlet | Found a runed translucent door.
 13877 | Gauntlet | Found a transporter.
 13881 | Gauntlet | Found a transporter.
 13890 | Gauntlet | Found a transporter.
 13912 | Gauntlet | Found a transporter.
 13924 | Gauntlet | Found a transporter.
 13936 | Gauntlet | Found a transporter.
 13948 | Gauntlet | Found a transporter.
 14064 | Gauntlet | Identified the +6 great mace of Suicidal Tendencies {flame,
                  | Str+5 Dex+2} (Trog gifted it to you in a Gauntlet)
 14064 | Gauntlet | Received a gift from Trog
 14443 | Gauntlet | Noticed a minotaur
 14455 | Gauntlet | Killed a minotaur
 14652 | Gauntlet | Identified the +3 ring mail of the Quick God {Dex+2}
 15021 | Lair:2   | Found a staircase to the Snake Pit.
 15579 | Lair:3   | Found a runed translucent door.
 15579 | Lair:3   | Noticed Teddeol's ghost (journeyman NaRe)
 15877 | Lair:3   | Killed Teddeol's ghost
 15920 | Lair:4   | Gained mutation: Your large and strong wings let you fly.
                  | [Gargoyle growth]
 15920 | Lair:4   | Reached XP level 14. HP: 90/90 MP: 1/14
 15945 | Lair:4   | Found a runed translucent door.
 16085 | Lair:4   | Identified the +1 ring mail "Aneaty" {rC++ Int-5}
 16235 | Lair:4   | Received a gift from Trog
 16846 | Lair:5   | Entered Level 5 of the Lair of Beasts
 17275 | Lair:5   | Found a staircase to the Slime Pits.
 17500 | Lair:5   | Reached skill level 15 in Maces & Flails
 17983 | Lair:5   | Noticed a dire elephant
 18002 | Lair:5   | Killed a dire elephant
 19067 | D:11     | Gained mutation: You occasionally lose the ability to drink
                  | potions when taking damage. [a neqoxec]
 19072 | D:11     | Gained mutation: You are clumsy. (Dex -2) [a neqoxec]
 19074 | D:11     | Killed Psyclone's ghost
 19075 | D:11     | Reached XP level 15. HP: 96/96 MP: 2/15
 19075 | D:11     | Gained mutation: Your body sometimes deteriorates upon
                  | taking damage. [a neqoxec]
 19082 | D:11     | Received a gift from Trog
 19176 | D:12     | Found a staircase to the Orcish Mines.
 19884 | D:12     | Found a frozen archway.
 20000 | D:12     | Noticed Frances
 20017 | D:12     | Killed Frances
 20367 | D:13     | Received a gift from Trog
 20400 | D:13     | Found a shimmering blue altar of Sif Muna.
 20442 | D:13     | Identified the +1 leather armour of Heresy {Fly rPois
                  | Int+4}
 20539 | D:13     | Noticed Urug
 20566 | D:13     | Killed Urug
 20709 | D:13     | Identified a scroll of acquirement
 20709 | D:13     | Acquired a manual of Evocations
 20745 | D:13     | Found a gate to the Vaults.
 21005 | D:13     | Reached skill level 15 in Armour
 21157 | D:14     | Identified the +1 plate armour of Mysticism {Will+ SInv}
 21214 | D:14     | Found a hazy altar of Hepliaklqana.
 21217 | D:14     | Found a faded altar of an unknown god.
 21271 | D:14     | Found a white marble altar of Elyvilon.
 21403 | D:14     | Reached skill level 10 in Dodging
 21955 | D:15     | Entered Level 15 of the Dungeon
 21955 | D:15     | Noticed Azrael
 22038 | D:15     | Found a runed translucent gate.
 22038 | D:15     | Found a runed translucent gate.
 22040 | D:15     | Found a runed translucent gate.
 22040 | D:15     | Found an ancient bone altar of Kikubaaqudgha.
 22040 | D:15     | Noticed a lich
 22040 | D:15     | Noticed a lich
 22040 | D:15     | Noticed a lich
 22040 | D:15     | Noticed a lich
 22041 | D:15     | Noticed Uvinaotu's ghost (journeyman MiFi)
 22063 | D:15     | Killed a lich
 22064 | D:15     | Reached XP level 16. HP: 49/104 MP: 3/16
 22462 | D:15     | Received a gift from Trog
 22489 | D:15     | Reached skill level 10 in Shields
 22613 | D:15     | Found Cum Ewko's Book Emporium.
 22696 | D:15     | Killed Azrael
 22826 | D:15     | Noticed Josephine
 22838 | D:15     | Killed Josephine
 22877 | D:15     | Noticed Agnes
 22888 | D:15     | Killed Agnes
 23217 | D:15     | Found a staircase to the Depths.
 23245 | D:15     | Killed Uvinaotu's ghost
 23541 | D:15     | Killed a lich
 23632 | D:15     | Killed a lich
 23705 | D:15     | Identified the ring of the Turtle {rCorr Int+2}
 23713 | D:15     | Identified the +0 cloak of the Endless Expanse {Rampage}
 23784 | D:15     | Noticed Jorgrun
 23802 | D:15     | Killed Jorgrun
 24030 | D:15     | Killed a lich
 24097 | Orc:1    | Entered Level 1 of the Orcish Mines
 24286 | Orc:1    | Found Ocats's General Store.
 24312 | Orc:1    | Bought a potion of heal wounds for 70 gold pieces
 24312 | Orc:1    | Bought a potion of heal wounds for 70 gold pieces
 24340 | Orc:1    | Noticed Fannar
 24360 | Orc:1    | Killed Fannar
 24460 | Orc:2    | Entered Level 2 of the Orcish Mines
 24543 | Orc:2    | Received a gift from Trog
 24599 | Orc:2    | Found a staircase to the Elven Halls.
 24877 | Orc:2    | Found Opradaikk's Gadget Gallery.
 25076 | Orc:2    | Received a gift from Trog
 25299 | Orc:1    | You are sucked into a shaft and drop 1 floor!
 25633 | Orc:2    | Found Fitil's Armour Emporium.
 25633 | Orc:2    | Found Eppeavem's Distillery.
 25633 | Orc:2    | Found Agrie's Magic Scroll Shoppe.
 25636 | Orc:2    | Found Fuyhet's Weapon Shoppe.
 25675 | Orc:2    | Bought a scroll of enchant weapon for 127 gold pieces
 25679 | Orc:2    | Bought a +1 pair of boots for 161 gold pieces
 25739 | Elf:1    | Entered Level 1 of the Elven Halls
 25842 | Orc:2    | Reached XP level 17. HP: 110/110 MP: 2/17
 25993 | Snake:1  | Entered Level 1 of the Snake Pit
 26178 | Snake:1  | Found Ojiqiohu's General Store.
 26278 | Snake:1  | Bought a scroll of teleportation for 36 gold pieces
 26290 | Snake:1  | Found a one-way gate to the infinite horrors of the Abyss.
 26290 | Snake:1  | Noticed monkeyman's ghost (journeyman TrBe)
 26291 | Snake:1  | Noticed a tentacled starspawn
 26353 | Snake:1  | Found a transporter.
 26521 | Snake:1  | Noticed Donald
 26596 | Lair:2   | Killed Donald
 27209 | Snake:1  | Found a transporter.
 27289 | Snake:2  | Noticed Mlioglotl
 27307 | Snake:2  | Killed Mlioglotl
 27450 | Snake:2  | Noticed Vashnia
 27540 | Snake:2  | Killed Vashnia
 27619 | Snake:2  | Found Jona Radgh's Book Shoppe.
 27857 | Snake:2  | Identified the +1 leather armour "Fioduot" {Will+}
 28363 | Snake:2  | Identified the +5 mace of Yesterday {flame, rF+ rC++} (Trog
                  | gifted it to you on level 2 of the Snake Pit)
 28363 | Snake:2  | Received a gift from Trog
 29629 | Snake:4  | Entered Level 4 of the Snake Pit
 29672 | Snake:4  | Received a gift from Trog
 29791 | Snake:4  | Reached XP level 18. HP: 101/117 MP: 3/18
 30730 | Snake:4  | Noticed Aizul
 30759 | Snake:4  | Killed Aizul
 30772 | Snake:4  | Received a gift from Trog
 31107 | Snake:4  | Reached skill level 15 in Fighting
 31443 | Snake:4  | Got a serpentine rune of Zot
 31635 | Shoals:1 | Entered Level 1 of the Shoals
 31758 | Shoals:1 | Reached skill level 1 in Evocations
 31824 | Shoals:1 | Reached skill level 1 in Stealth
 32204 | Shoals:2 | Received a gift from Trog
 32304 | Shoals:2 | Reached XP level 19. HP: 124/124 MP: 5/19
 32753 | Shoals:3 | Found Pobyr's Overcharged Wands.
 32946 | Shoals:3 | Found Oranar's Jewellery Shop.
 33312 | Shoals:3 | Found a runed translucent door.
 34284 | Shoals:3 | Received a gift from Trog
 34574 | Shoals:4 | Entered Level 4 of the Shoals
 35018 | Shoals:4 | Got a barnacled rune of Zot
 35176 | Shoals:4 | Noticed Mara
 35190 | Shoals:4 | Killed Mara
 35310 | Shoals:4 | Reached skill level 5 in Evocations
 35336 | Shoals:4 | Identified the +1 glaive of Cruel Justice {freeze, rElec
                  | MP-9 Str+8 Stlth+}
 35391 | Shoals:4 | Identified the +7 quarterstaff of the Reaper {holy, *Slow
                  | rN+++ Dex+5}
 35464 | Shoals:4 | Identified the +3 dagger of the Other Side {antimagic,
                  | Will+ Int+3}
 35589 | Shoals:3 | Bought the ring "Usahajuv" {Will+ MP+9 Int+6 Dex+6} for
                  | 1121 gold pieces
 35919 | Vaults:1 | Entered Level 1 of the Vaults
 36322 | Vaults:1 | Reached skill level 5 in Stealth
 36591 | Vaults:1 | Received a gift from Trog
 36872 | Vaults:1 | Reached XP level 20. HP: 112/131 MP: 6/20
 37731 | Vaults:2 | Noticed Nikola
 38636 | Vaults:2 | Reached skill level 15 in Shields
 38809 | Vaults:2 | Noticed Bai Suzhen
 38819 | Vaults:2 | Killed Bai Suzhen
 39364 | Vaults:2 | Killed Nikola
 40770 | Vaults:3 | Received a gift from Trog
 42047 | Vaults:3 | Found a staircase to the Crypt.
 42309 | Vaults:3 | Reached XP level 21. HP: 137/137 MP: 1/21
 42553 | Vaults:3 | Received a gift from Trog
 43312 | Vaults:4 | Found a portal to a secret trove of treasure.
 43421 | Vaults:4 | Received a gift from Trog
 44873 | Elf:1    | Paralysed by an air elemental for 1 turns
 45010 | Elf:1    | Received a gift from Trog
 45205 | Elf:1    | Found Tatiqax's Book Emporium.
 45266 | Elf:1    | Reached skill level 10 in Evocations
 45374 | Elf:1    | Paralysed by an air elemental for 1 turns
 45559 | Elf:1    | Found Cumidofa's Antique Weapon Shoppe.
 45560 | Elf:1    | Found Acutus's Weapon Emporium.
 45561 | Elf:1    | Found Zeahaor's General Store.
 45561 | Elf:1    | Found Basahits's Armour Shop.
 45562 | Elf:1    | Found Jifu Lyu's Weapon Boutique.
 45562 | Elf:1    | Found Kuseosch's Armour Shoppe.
 45691 | Elf:1    | You are sucked into a shaft and drop 1 floor!
 45703 | Elf:2    | Found a runed translucent gate.
 45703 | Elf:2    | Found a runed translucent gate.
 45704 | Elf:2    | Found a runed translucent gate.
 45736 | Elf:2    | Received a gift from Trog
 46219 | Elf:2    | Reached XP level 22. HP: 144/144 MP: 0/22
 46367 | Elf:2    | Found Amox's Book Emporium.
 46397 | Elf:2    | Found Paoco's Jewellery Shop.
 46398 | Elf:2    | Found Iguveq's Book Emporium.
 47107 | Depths:1 | Entered Level 1 of the Depths
 48154 | Depths:1 | Noticed the Enchantress
 48182 | Abyss:2  | Cast into level 2 of the Abyss (the Enchantress)
 48346 | Abyss:2  | Received a gift from Trog
 48484 | Abyss:2  | Found a corrupted altar of Lugonu.
 48651 | Abyss:2  | Noticed a profane servitor
 48663 | Abyss:2  | Killed a profane servitor
 48708 | Abyss:2  | Found a corrupted altar of Lugonu.
 49065 | Abyss:2  | Found a corrupted altar of Lugonu.
 49360 | Abyss:2  | Received a gift from Trog
 49368 | Abyss:2  | Lost mutation: You are very clumsy. (Dex -4) [potion of
                  | mutation]
 49368 | Abyss:2  | Lost mutation: Your body sometimes deteriorates upon taking
                  | damage. [potion of mutation]
 49368 | Abyss:2  | Lost mutation: You occasionally lose the ability to drink
                  | potions when taking damage. [potion of mutation]
 49368 | Abyss:2  | Gained mutation: Your magical capacity is low. (-10% MP)
                  | [potion of mutation]
 49368 | Abyss:2  | Lost mutation: Your magical capacity is low. (-10% MP)
                  | [potion of mutation]
 49368 | Abyss:2  | Gained mutation: You are covered in fur. (AC +1) [potion of
                  | mutation]
 49515 | Abyss:2  | Found a corrupted altar of Lugonu.
 49536 | Depths:1 | Escaped the Abyss
 49578 | Depths:1 | Killed the Enchantress
 49991 | Depths:1 | Found a gateway to Hell.
 50035 | Depths:1 | Reached skill level 10 in Stealth
 50437 | Depths:1 | Found a glowing silver altar of Zin.
 50981 | Depths:2 | Noticed Vv
 51138 | Depths:2 | Killed Vv
 51271 | Depths:1 | Received a gift from Trog
 52091 | Depths:2 | Found a one-way gate leading to the halls of Pandemonium.
 52646 | Depths:3 | Found Teanablo's Distillery.
 52661 | Depths:3 | Bought a potion of cancellation for 176 gold pieces
 52748 | Depths:3 | Reached XP level 23. HP: 150/150 MP: 1/23
 52908 | Depths:3 | Found a one-way gateway to a ziggurat.
 52908 | Depths:3 | Noticed an ancient lich
 52908 | Depths:3 | Noticed a dread lich
 54144 | Depths:3 | Noticed a golden dragon
 54187 | Depths:3 | Killed a golden dragon
 54507 | Depths:3 | Identified the staff of conjuration "Heosuiwaj" {Str+3}
 54609 | Depths:3 | Noticed a golden dragon
 54619 | Depths:3 | Killed a golden dragon
 54619 | Depths:3 | Received a gift from Trog
 54785 | Depths:3 | Noticed Mennas
 54796 | Depths:3 | Killed Mennas
 55099 | Depths:4 | Entered Level 4 of the Depths
 55252 | Depths:4 | Noticed Louise
 55256 | Depths:4 | Killed Louise
 55310 | Depths:4 | Noticed a golden dragon
 55320 | Depths:4 | Killed a golden dragon
 55809 | Depths:4 | Noticed a juggernaut
 55825 | Depths:4 | Killed a juggernaut
 56326 | Depths:4 | Found a gate to the Realm of Zot.
 56647 | Crypt:1  | Entered Level 1 of the Crypt
 56736 | Crypt:1  | Noticed Margery
 56771 | Crypt:1  | Killed Margery
 57079 | Crypt:1  | Received a gift from Trog
 57371 | Crypt:1  | Reached XP level 24. HP: 155/157 MP: 1/23
 58626 | Crypt:2  | Identified the +10 broad axe of the Viper {flame, rPois}
                  | (Trog gifted it to you on level 2 of the Crypt)
 58626 | Crypt:2  | Received a gift from Trog
 60004 | Crypt:3  | Entered Level 3 of the Crypt
 60196 | Crypt:3  | Identified the +7 mace of Perversion {venom, rElec}
 60502 | Crypt:3  | Identified the +3 mace "Utifiurogh" {flame, *Slow SInv
                  | Stlth+} (Trog gifted it to you on level 3 of the Crypt)
 60502 | Crypt:3  | Received a gift from Trog
 60699 | Crypt:3  | Found a staircase to the Tomb.
 61533 | Crypt:3  | Identified the +1 robe "Tygil" {Archmagi}
 61815 | Vaults:5 | Entered Level 5 of the Vaults
 62009 | Vaults:5 | Received a gift from Trog
 62016 | Vaults:5 | Reached XP level 25. HP: 129/164 MP: 2/23
 62443 | Vaults:5 | Reached skill level 15 in Dodging
 62625 | Vaults:5 | Received a gift from Trog
 62832 | Vaults:5 | Noticed Frederick
 62844 | Vaults:5 | Killed Frederick
 63164 | Vaults:5 | Noticed a dread lich
 63173 | Vaults:5 | Identified the +9 flail of Darkness {heavy, Str+2} (Trog
                  | gifted it to you on level 5 of the Vaults)
 63173 | Vaults:5 | Received a gift from Trog
 63179 | Vaults:5 | Killed a dread lich
 64031 | Vaults:5 | Found Kafe's Magic Scroll Emporium.
 64076 | Vaults:5 | Found Deudout's Distillery.
 64076 | Vaults:5 | Found Miuss's Distillery.
 64079 | Vaults:5 | Found Mitap's Antique Armour Boutique.
 64087 | Vaults:5 | Bought a buzzing helmet for 370 gold pieces
 64087 | Vaults:5 | Identified the +2 helmet of Jemei {rPois Stlth+} (You
                  | bought it in a shop on level 5 of the Vaults)
 64114 | Vaults:5 | Bought a potion of heal wounds for 80 gold pieces
 64119 | Vaults:5 | Bought a potion of cancellation for 104 gold pieces
 64119 | Vaults:5 | Bought a potion of heal wounds for 65 gold pieces
 64119 | Vaults:5 | Bought a potion of heal wounds for 65 gold pieces
 64245 | Vaults:5 | Got a silver rune of Zot
 64599 | Zot:1    | Entered Level 1 of the Realm of Zot
 64601 | Zot:1    | Noticed an orb of fire
 64612 | Zot:1    | Gained mutation: Your magical capacity is low. (-10% MP)
                  | [an orb of fire]
 64628 | Zot:1    | Killed an orb of fire
 64642 | Zot:1    | Noticed an orb of fire
 64656 | Zot:1    | Killed an orb of fire
 65894 | Zot:1    | Received a gift from Trog
 66022 | Zot:1    | Reached XP level 26. HP: 142/172 MP: 0/20
 68956 | Zot:3    | Reached skill level 15 in Stealth
 69763 | Zot:3    | Received a gift from Trog
 71653 | Zot:4    | Identified the +3 mace of the Mushroom {spect, Int+2
                  | Stlth+}
 71653 | Zot:4    | Identified the ring of Yparchy {Will+ Str+3 Int-5 Dex+6}
 71942 | Zot:5    | Entered Level 5 of the Realm of Zot
 72175 | Zot:5    | Noticed a Killer Klown
 72183 | Zot:5    | Killed a Killer Klown
 72184 | Zot:5    | Noticed an orb of fire
 72189 | Zot:5    | Noticed an orb of fire
 72194 | Zot:5    | Gained mutation: You are clumsy. (Dex -2) [an orb of fire]
 72199 | Zot:4    | Gained mutation: You are dopey. (Int -2) [an orb of fire]
 72202 | Zot:4    | Killed from afar by an orb of fire

Illustrated notes

Levels and vault maps discovered:
D:1:      erik_arrival_blinker_ship, layout_loops_ring, serial_shops,
          nicolae_shop_tiny_statue_garden, nicolae_shop_just_a_little_nook,
          nicolae_square_shop, nicolae_shop_hallway_plus
D:2:      layout_basic, hellmonk_ecumenical_altar_run_dry, basic_altar,
          minmay_box_of_dots
D:3:      layout_rooms, grunt_gozag_statues, corexii_corridor_pit, uniq_sigmund
D:4:      layout_rooms, uniq_natasha
D:5:      layout_basic, serial_shops, shop_fountains, patterned_corridor
D:6:      layout_layer_cave, minmay_temple_entry_mist
D:7:      kennysheep_housing_project, layout_cave_pools, doesnt_xom_only_xom,
          roderic_filled_cross, minivault_10, st_stairs_4, eino_jars
D:8:      layout_basic, mainiacjoe_overflow_cross_hatched,
          nzn_wu_jian_council_hall, kennysheep_little_box,
          nicolae_shop_vocational, uniq_erica
D:9:      gammafunk_sealed_arena, layout_layer_cave, kiku_gazebo_pond_becter,
          mainiacjoe_overflow_alcove_1, kennysheep_mini
D:10:     layout_stronghold, grunt_temple_overflow_diamond,
          erik_lair_orcish_takeover, enter_bailey_2, minmay_the_grid_2x2
          [minmay_the_grid_rooms, minmay_the_grid_empty,
          minmay_the_grid_stretched_grid, minmay_the_grid_prize_shrinking_boxes]
D:11:     layout_gridville, gammafunk_ghost_stat_death
D:12:     layout_roguey [special_room_orc], david_orc_2, serial_ice,
          serial_ice_a, serial_ice_j, serial_ice_c, serial_ice_e, serial_ice_b,
          serial_ice_g, serial_ice_d, serial_ice_o, serial_ice_h, serial_ice_m,
          portal_ice_cave_entry_pillars_2, uniq_frances
D:13:     layout_cave_pools, david_vaults_2, nicolae_sif_muna_little_library,
          uniq_urug
D:14:     layout_cross, elyvilon_altar_1, beargit_hepliaklqana_dungeon_heroes
D:15:     gammafunk_depths_entry_grave, layout_loops_corners,
          serial_bayou_pond_c, serial_shops, shop, gammafunk_ghost_crypt,
          item_on_display_a, uniq_jorgrun, uniq_azrael, uniq_agnes,
          uniq_josephine
Lair:1:   layout_small_grid, serial_bayou_pond_a, uniq_sonja
Lair:2:   layout_roguey, nicolae_shoals_entry_flooding,
          minmay_snake_entry_guardpost_small, gauntlet_entry_generic,
          nicolae_volcano_entry_lava_flow, grunt_megastairs_1
Lair:3:   layout_loops_ring, hellmonk_ghost_happy_afterlife
Lair:4:   layout_hall_layers, serial_bayou, serial_bayou_shore_b,
          serial_bayou_shore_a, serial_bayou_crossing, serial_bayou_lagoon_b,
          serial_bayou_pond_e, pf_torpor_hydra, lemuel_fruit_tree
Lair:5:   due_jungle_book, layout_layer_cave, slime_entry_1,
          infiniplex_staircase_pool, grunt_megastairs_4
Shoals:1: layout_shoals
Shoals:2: layout_shoals
Shoals:3: nicolae_shoals_lighthouse, layout_shoals, nicolae_take_the_stairs,
          nicolae_shop_overcharged_wands
Shoals:4: shoals_end_simple, layout_shoals, uniq_mara
Snake:1:  layout_onion, serial_shops, shop, gammafunk_ghost_abyssal_escape,
          nicolae_snake_gridmaze_swirls, uniq_donald
Snake:2:  layout_onion_interference, serial_shops, shop,
          nicolae_snake_gridmaze_waves, nicolae_triple_integral, uniq_mlioglotl,
          uniq_vashnia
Snake:3:  layout_misc_corridors, grunt_megastairs_5
Snake:4:  snake_pit_salamanders_mu, layout_onion_interference, uniq_aizul
Orc:1:    layout_caves, serial_shops, nicolae_shop_just_a_little_nook,
          basic_altar, nicolae_orc_damp_corner, uniq_fannar
Orc:2:    st_orc_mages, layout_diamond_mine, nicolae_shop_gadgets
Elf:1:    eino_elf_arrival_shootout, layout_gridlike, serial_shops, shop,
          minmay_elf_crystal_heptagon, minivault_26, amethyst_killhole,
          minivault_25, nicolae_wooded_promenade, wad_dig_loot,
          lemuel_upstairs_altar
Elf:2:    nicolae_elf_blades_splatter_lattice [nicolae_blade_entry_antechamber],
          layout_geoelf_grid, minmay_shop_grove
Vaults:1: v_pattern_2, nicolae_vaults_security_offices_5, grunt_vaults_funnel,
          nicolae_vaults_sesquioval_fish, nicolae_vaults_storage_closets_2,
          nicolae_vaults_six-pack, hangedman_vaults_pinch,
          nicolae_vaults_two_Ls, serial_ice_g, layout_vaults_omnicross
Vaults:2: nicolae_vaults_puzzle_piece, nicolae_vaults_steering_wheel,
          nicolae_vaults_rhombus_6, hangedman_vaults_nails,
          nicolae_vaults_disappearing_quadrants, hangedman_vaults_slice,
          nicolae_vaults_circle_grid_a, vaults_room_octagon, vaults_dpeg_doors,
          nicolae_vaults_little_squares_1, vaults_room_pools, vaults_room_pool,
          nicolae_vaults_hexular_roomagon, nicolae_vaults_more_shelving_1,
          nicolae_vaults_two_Ls, grunt_vaults_hallway_short,
          layout_vaults_omnibox, uniq_nikola, uniq_bai_suzhen
Vaults:3: nicolae_vaults_rhombus_6, ontoclasm_vaults_ring_small,
          nicolae_vaults_double_plus_1, minmay_crypt_entry_vampire_xt,
          nicolae_vaults_trapezoid_layered, v_alt_pattern_4, v_misc_32,
          nicolae_vaults_trapezoid_lopsided_1, nicolae_vaults_shelves_hall,
          nicolae_vaults_closet_pinwheel_1, nicolae_vaults_storage_closets_1,
          layout_vaults_omnigrid
Vaults:4: nicolae_vaults_theta, vaults_room_ringed_pool,
          nicolae_vaults_closet_pinwheel_5, vaults_room_grid, v_alt_pattern_3,
          nicolae_vaults_oval_intersection, hangedman_vaults_hat,
          nicolae_vaults_big_angled_halls, nicolae_vaults_hexular_roomagon,
          hangedman_vaults_impose, nicolae_vaults_closet_pinwheel_6,
          vaults_dpeg_hooks, layout_vaults_maze, nicolae_trove_entry_isolated
Vaults:5: uniq_frederick
Crypt:1:  layout_gridlike, grunt_crypt_arrival_split, uniq_margery
Crypt:2:  layout_regular_city
Crypt:3:  due_elkab, layout_chaotic_city, uniq_josephina
Depths:1: layout_basic, grunt_metal_band, zin_academy, uniq_enchantress
Depths:2: cheibrodos_lost_city_excavation, layout_cave_shapes, hell_entry,
          serial_bayou_pond_e, hangedman_abyss_entry_splay,
          rand_demon_pan_entry_8, infiniplex_staircase_pool_2, uniq_vv
Depths:3: kennysheep_oblong_rooms, layout_gridlike, enter_ziggurat_d,
          fountainhead, abyss_entry, serial_shops, nicolae_stop_n_shop_2,
          hangedman_coc_ice_floe, uniq_mennas
Depths:4: grunt_twist_and_shout, layout_gridlike,
          nicolae_abyss_entry_one_way_or_another, hell_entry
Zot:1:    layout_gridlike, grunt_megastairs_2
Zot:2:    layout_basic
Zot:3:    layout_misc_corridors, lemuel_elevator
Zot:4:    layout_cathedral_of_symmetry
Zot:5:    layout_gridlike, lemuel_baited_zot_trap

Skill      XL: |  1  2  3  4  5  6  7  8  9 10 11 12 13 14 15 16 17 18 19 20 21 22 23 24 25 26 |
---------------+-------------------------------------------------------------------------------+-----
Armour         | 3 4 5 7 9 10 12 13 14 15 16 17 18 19 20 21 22 | 22.7
Dodging        | 2 3 4 5 6 7 8 9 10 11 12 13 14 15 | 15.9
Fighting       | 4 5 6 8 9 10 11 12 13 14 15 16 17 18 19 20 | 20.1
Maces & Flails | 4 5 7 8 10 11 12 14 15 16 17 18 19 20 21 22 | 22.5
Shields        | 1 4 6 8 9 10 11 12 14 15 17 18 19 20 21 | 21.4
Evocations     | 2 6 8 10 11 12 13 14 | 14.7
Stealth        | 2 5 7 9 10 11 13 14 15 | 15.5

Action                     |  1- 3 |  4- 6 |  7- 9 | 10-12 | 13-15 | 16-18 | 19-21 | 22-24 | 25-27 || total
---------------------------+-------+-------+-------+-------+-------+-------+-------+-------+-------++-------
  Melee: Mace              |   122 |   138 |    40 |       |       |       |       |       |       ||   300
         Punch             |     1 |     1 |     2 |       |       |       |       |       |       ||     4
         Flail             |       |       |   304 |   536 |   962 |   425 |       |       |       ||  2227
         Eveningstar       |       |       |       |       |       |   996 |  1505 |  2153 |  1323 ||  5977
  Throw: Dart              |       |       |       |     1 |     2 |       |     8 |       |       ||    11
 Invoke: Berserk           |       |     2 |     2 |     3 |     4 |     2 |     7 |       |       ||    20
         Brothers in Arms  |       |       |       |       |       |       |       |     1 |       ||     1
         Trog's Hand       |       |       |       |       |       |       |       |     1 |     1 ||     2
  Evoke: Wand              |       |       |       |       |       |       |       |     1 |       ||     1
         Phial of floods   |       |       |       |       |       |       |       |     1 |       ||     1
    Use: Scroll            |       |       |       |     7 |    18 |     8 |     2 |     6 |     2 ||    43
         Potion            |       |       |       |       |     5 |     2 |     4 |     3 |     5 ||    19
   Stab: Distracted        |       |       |     1 |       |       |       |       |     2 |       ||     3
         Sleeping          |       |       |       |       |       |       |       |       |     4 ||     4
 Armour: Animal skin       |    41 |       |       |       |       |       |       |       |       ||    41
         Leather armour    |       |    74 |   207 |   218 |    56 |       |       |       |       ||   555
         Troll leather arm |       |       |       |    67 |       |       |       |       |       ||    67
         Ring mail         |       |       |       |       |   378 |       |       |       |       ||   378
         Plate armour      |       |       |       |       |    45 |   777 |   599 |   632 |   357 ||  2410
         Fire dragon scale |       |       |       |       |       |       |       |    10 |   116 ||   126
  Dodge: Dodged            |    77 |   113 |   271 |   314 |   439 |   486 |   640 |   655 |   427 ||  3422
  Block: Other             |       |       |    70 |     8 |       |       |       |       |       ||    78
         Reflection        |       |       |     2 |     8 |    50 |   119 |   207 |    44 |    30 ||   460
         Kite shield       |       |       |       |   409 |   841 |  1321 |     6 |       |       ||  2577
         Tower shield      |       |       |       |       |       |       |  1749 |  2300 |  1575 ||  5624
